 Dungeon Crawl Stone Soup version 0.21-a0-426-g98080a9 (webtiles) character file.

23 Klosterheim the Caller (level 2, 0/15 HPs)
             Began as a Deep Elf Summoner on Nov 5, 2017.
             Slain by a kobold (3 damage)
             ... on level 1 of the Dungeon.
             The game lasted 00:02:16 (1011 turns).

Klosterheim the Caller (Deep Elf Summoner)          Turns: 1011, Time: 00:02:17

Health: 0/15       AC:  2    Str:  5    XL:     2   Next: 72%
Magic:  6/8        EV: 13    Int: 19    God:
Gold:   27         SH:  0    Dex: 15    Spells: 5/8 levels left

rFire    . . .     SeeInvis .   (no weapon)
rCold    . . .     Gourm    .   (no shield)
rNeg     . . .     Faith    .   a - +0 robe
rPois    .         Spirit   .   (no helmet)
rElec    .         Reflect  .   (no cloak)
rCorr    .         Harm     .   (no gloves)
MR       .....                  (no boots)
Stlth    ++........             (no amulet)
HPRegen  0.05/turn              (no ring)
MPRegen  0.11/turn              (no ring)

@: no status effects
A: no striking features
a: no special abilities


You were on level 1 of the Dungeon.
You were not hungry.

You visited 1 branch of the dungeon, and saw 1 of its levels.

You collected 27 gold pieces.

Inventory:

Armour
 a - a +0 robe (worn)
Scrolls
 d - 2 scrolls of identify {unknown}
 e - 2 scrolls of noise {unknown}
 i - a scroll of random uselessness {unknown}
Potions
 f - 2 potions of haste {unknown}
 g - a potion of brilliance {unknown}
 h - a potion of mutation {unknown}
Books
 b - a book of Callings

   Spells                             Type                      Level
   a - Summon Small Mammal            Summoning                    1
   b - Call Imp                       Summoning                    2
   c - Call Canine Familiar           Summoning                    3
   d - Summon Guardian Golem          Hexes/Summoning              3
   e - Summon Lightning Spire         Summoning/Air                4
   f - Summon Ice Beast               Ice/Summoning                4
Comestibles
 c - a bread ration


   Skills:
 - Level 2.4 Dodging
 - Level 2.4 Stealth
 + Level 3.6 Spellcasting
 * Level 5.0 Summonings


You had 5 spell levels left.
You knew the following spells:

 Your Spells              Type           Power        Failure   Level  Hunger
a - Summon Small Mammal   Summ           ###.         1%          1    None
b - Call Imp              Summ           ###.....     2%          2    ##.....


Dungeon Overview and Level Annotations

Branches:
Dungeon (1/15)

Altars:


Message History

You see here a club.
Your crimson imp closely misses the rat.
Your crimson imp barely misses the rat.
The rat bites your crimson imp but does no damage.
The kobold hits your crimson imp but does no damage.
Your crimson imp blinks!
Your crimson imp hits the rat.
The rat dies!
Items here: ( ) †† a club; a stone; a kobold corpse; a hobgoblin corpse Your crimson imp hits the kobold.
Your crimson imp blinks!
Casting: Call Imp
Confirm with . or Enter, or press ? or * to list all spells.
A beastly little devil appears in a puff of frigid air.
Your crimson imp blinks!
The kobold misses you.
Your crimson imp blinks!
The kobold hits you.
You die...

...
#.##.......##.+.....#
...
#..........####....##
.. #..##......#
#....## #.)##......#
#....# #..........#
#....# ###........#
#....# #5.......#
#....# ##)###.... .
###@# ...
..#####.5K##
......§)†.(#
........)#.#
.........#..#
.........##.#
..........#..
.........###.#
.........# ..


You could see a kobold, a friendly crimson imp and a friendly white imp.

Vanquished Creatures (collateral kills)
  A gnoll (D:1)
  An ooze (D:1)
  A dart slug (D:1)
  A leopard gecko (D:1)
  2 goblins (D:1)
  5 hobgoblins (D:1)
  4 kobolds (D:1)
  A ball python (D:1)
  2 bats (D:1)
  2 frilled lizards (D:1)
  2 rats (D:1)
22 creatures vanquished.

Notes
Turn   | Place    | Note
-------+----------+-------------------------------------------
     0 | D:1      | Klosterheim the Deep Elf Summoner began the quest for the Orb.
     0 | D:1      | Reached XP level 1. HP: 10/10 MP: 6/6
   497 | D:1      | Reached XP level 2. HP: 13/15 MP: 5/8
   753 | D:1      | Learned a level 2 spell: Call Imp
   950 | D:1      | Reached skill level 5 in Summonings
  1011 | D:1      | Slain by a kobold

Vault maps used:
D:1:      nicolae_arrival_memento_mori

Skill      XL: |  1  2 |
---------------+-------+-----
Summonings     | 5 |  5.0
Dodging        | |  2.4
Stealth        | |  2.4
Spellcasting   | |  3.6

Action                   || total
-------------------------++-------
Melee: Unarmed           ||     5
 Cast: Summon Small Mamm ||    12
       Call Imp          ||     6
Armor: Robe              ||     9
Dodge: Dodged            ||    28

Table legend:
 A = Spawn XP
 B = Non-spawn XP
 C = Spawn XP percentage of total XP
 D = Spawn monster count
 E = Non-spawn monster count
 F = Spawn count percentage of total count
 G = Total turns spent on level
                    A         B        C        D         E        F      G
               +---------+---------+-------+---------+---------+-------+---------
         Total |       0 |      33 |   0.0 |       0 |      22 |   0.0 |  1011
               +---------+---------+-------+---------+---------+-------+---------
           D:1 |       0 |      33 |   0.0 |       0 |      22 |   0.0 |  1011
               +---------+---------+-------+---------+---------+-------+---------
